 Dungeon Crawl Stone Soup version 0.27.1-3-gb3d3a73c9e (webtiles) character file.

Game seed: 1844615235343411267

919 Urokeeper the Covert (level 7, 0/38 HPs)
             Began as a Spriggan Brigand on Oct 19, 2021.
             Succumbed to a scorpion's poison
             ... on level 5 of the Dungeon.
             The game lasted 00:15:30 (4701 turns).

Urokeeper the Covert (Spriggan Brigand)             Turns: 4701, Time: 00:15:30

Health: 0/38       AC:  4    Str:  7    XL:     7   Next: 83%
Magic:  8/8        EV: 19    Int: 13    God:
Gold:   206        SH:  5    Dex: 18    Spells: 6/6 levels left

rFire    . . .     SeeInvis +   x - +0 rapier
rCold    + . .     Faith    .   (shield restricted)
rNeg     . . .     Spirit   .   v - +1 robe {rC+}
rPois    .         Reflect  +   (helmet restricted)
rElec    .         Harm     .   c - +0 cloak
rCorr    .         Rampage  .   (gloves unavailable)
Will     +....                  (boots unavailable)
Stlth    ++++......             n - amulet of reflection
HPRegen  0.12/turn              (no ring)
MPRegen  0.11/turn              (no ring)

@: lethally poisoned (0 -> -16), very quick
A: very small, no large weapons, unfitting armour, see invisible, speed 3
a: no special abilities


You were on level 5 of the Dungeon.
You visited 1 branch of the dungeon, and saw 5 of its levels.

You collected 206 gold pieces.

Inventory:

Hand Weapons
 a - a +2 dagger of electrocution
 h - a +1 spear of freezing
 j - a +0 flail
 k - a +1 vorpal hand axe
 q - a +0 falchion
 x - a +0 rapier (weapon)
Missiles
 d - 16 poisoned darts
 e - a curare-tipped dart (quivered)
Armour
 b - a +0 robe
 c - a +0 cloak (worn)
 v - a +1 robe of cold resistance (worn)
Jewellery
 l - a ring of magical power
 n - an amulet of reflection (around neck)
Wands
 s - a wand of digging (5)
 y - a wand of paralysis (10)
Scrolls
 f - a scroll of blinking
 g - 5 scrolls of identify
 r - 2 scrolls of teleportation {unknown}
 w - 2 scrolls of fear {unknown}
Potions
 i - a potion of ambrosia {unknown}
 m - 3 potions of curing
 o - a potion of heal wounds {unknown}
 p - a potion of lignification {unknown}
 t - 3 potions of flight {unknown}
 u - a potion of haste {unknown}
 z - a potion of might {unknown}
 A - a potion of brilliance {unknown}


   Skills:
 * Level 4.5 Fighting
 * Level 6.1 Short Blades
 - Level 2.0 Throwing
 + Level 4.8 Dodging
 + Level 8.1 Stealth


You had 6 spell levels left.
You didn't know any spells.
Your spell library contained the following spells:

 Spells                   Type           Power      Damage    Failure   Level
 Stone Arrow              Conj/Erth      0%         3d7       67%         3
 Animate Armour           Summ/Erth      0%         N/A       97%         4
 Lehudib's Crystal Spear  Conj/Erth      0%         10d2      100%        8


Dungeon Overview and Level Annotations

Branches:
Dungeon (5/15)
 Temple: D:4-7

Altars:
Kikubaaqudgha
Sif Muna
Uskayaw
Yredelemnul

Shops:
D:3 ?*

Annotations:
D:4 Menkaure


Innate Abilities, Weirdness & Mutations

You are very small and have problems with some larger weapons.
You are too small for most types of armour.
You have supernaturally acute eyesight. (SInv)
You cover ground extremely quickly. (Speed+++)


Message History

The scorpion stings you.
You hit the scorpion.
The scorpion is severely wounded.
The scorpion stings you.
You are poisoned.
The scorpion poisons you!
You hit the scorpion.
The scorpion is almost dead.
You feel sick. The scorpion misses you.
You barely miss the scorpion.
The scorpion is almost dead.
You feel sick. The scorpion misses you.
You hit the scorpion but do no damage.
The scorpion is almost dead.
You feel sick. The scorpion closely misses you.
You hit the scorpion but do no damage.
The scorpion is almost dead.
You feel sick. The scorpion stings you!
You are more poisoned.
The scorpion poisons you!
You hit the scorpion.
The scorpion is almost dead.
You feel very sick. The scorpion stings you.
* * * LOW HITPOINT WARNING * * *
You are more poisoned.
The scorpion poisons you!
You hit the scorpion but do no damage.
The scorpion is almost dead.
* * * LOW HITPOINT WARNING * * *
You feel very sick. The scorpion barely misses you.
You hit the scorpion but do no damage.
The scorpion is almost dead.
* * * LOW HITPOINT WARNING * * *
You feel very sick.
The scorpion stings you but does no damage.
You completely miss the scorpion.
The scorpion is almost dead.
You die...

### ..# #########
#.# ........# #s#
######.####@#
#....<...##.#
#.........#.#
#.#########.#
#.........#.#
#.#.###...#.#
####.#.#####...#.#
...............#.#
.###+###.####..#.#


You could see a scorpion.

Vanquished Creatures
  Sigmund (D:3)
  Edmund (D:4)
  Duvessa (D:4)
  2 ogres (D:4)
  Blork the orc (D:4)
  A scorpion (D:4)
  Dowan (D:4)
  A hound (D:4)
  A centaur skeleton (D:3)
  An iguana (D:4)
  7 adders
  An adder skeleton (D:4)
  A worm (D:3)
  2 dart slugs
  3 orcs
  6 endoplasms
  2 giant cockroaches
  4 goblins
  4 hobgoblins
  6 jackals
  3 quokkas
  6 ball pythons
  4 bats
  2 frilled lizards (D:1)
  10 kobolds
  5 rats
77 creatures vanquished.

Notes
Turn   | Place    | Note
-------+----------+-------------------------------------------
     0 | D:1      | Urokeeper the Spriggan Brigand began the quest for the Orb.
     0 | D:1      | Reached XP level 1. HP: 10/10 MP: 2/2
   421 | D:1      | Reached skill level 6 in Stealth
   421 | D:1      | Reached XP level 2. HP: 5/15 MP: 3/3
   845 | D:1      | Found a faded altar of an unknown god.
  1045 | D:1      | Reached XP level 3. HP: 5/18 MP: 4/4
  2030 | D:3      | Reached XP level 4. HP: 23/23 MP: 5/5
  2061 | D:3      | Found Suiff's General Store.
  2126 | D:3      | Noticed Sigmund
  2573 | D:3      | HP: 1/23 [Sigmund/magic dart (8)]
  2583 | D:3      | Killed Sigmund
  2584 | D:3      | Reached XP level 5. HP: 2/28 MP: 6/6
  3159 | D:3      | Found a shimmering blue altar of Sif Muna.
  3189 | D:3      | Found Mefuffis's Magic Scroll Emporium.
  3260 | D:3      | Reached skill level 7 in Stealth
  3260 | D:3      | Reached XP level 6. HP: 21/32 MP: 7/7
  3514 | D:3      | Found a hide-covered altar of Uskayaw.
  3698 | D:4      | Found a basalt altar of Yredelemnul.
  3764 | D:4      | Noticed Duvessa
  3765 | D:4      | Noticed Dowan
  3822 | D:4      | Killed Dowan
  3929 | D:4      | Killed Duvessa
  3930 | D:4      | Reached skill level 5 in Short Blades
  3930 | D:4      | Reached XP level 7. HP: 33/37 MP: 8/8
  4169 | D:4      | Noticed Edmund
  4171 | D:4      | Killed Edmund
  4224 | D:4      | Noticed Blork the orc
  4247 | D:4      | Killed Blork the orc
  4248 | D:4      | Reached skill level 8 in Stealth
  4634 | D:4      | Noticed Menkaure
  4636 | D:5      | Entered Level 5 of the Dungeon
  4656 | D:5      | Found an ancient bone altar of Kikubaaqudgha.
  4701 | D:5      | Succumbed to a scorpion's poison

Illustrated notes

Levels and vault maps discovered:
D:1:      lightli_arrival_quake, layout_basic,
          hellmonk_ecumenical_altar_dog_temple, minmay_surrounded
D:2:      layout_loops_ring, chequers_garden, minmay_misc_feat_secret_circle
D:3:      layout_rooms, mainiacjoe_overflow_six_doors_small,
          lemuel_blue_sif_altar, serial_shops, nicolae_diamond_shop,
          shop_statue, minmay_misc_feat_chi, uniq_sigmund
D:4:      minmay_chambers_of_twos, layout_rooms,
          mainiacjoe_overflow_tiny_flanked, uniq_blork_the_orc, uniq_duvessa,
          uniq_edmund, uniq_menkaure
D:5:      layout_basic, lemuel_doored_altar, mainiacjoe_overflow_24_doors,
          minmay_temple_entry_drinking_statues

Skill      XL: |  1  2  3  4  5  6  7 |
---------------+----------------------+-----
Stealth        | 6 7 8 |  8.1
Fighting       | 2 3 4 |  4.5
Dodging        | 2 3 4 |  4.8
Short Blades   | 3 4 5 6 |  6.1
Throwing       | |  2.0

Action                   |  1- 3 |  4- 6 |  7- 9 || total
-------------------------+-------+-------+-------++-------
Melee: Dagger            |    53 |    69 |    35 ||   157
       Hand axe          |    38 |    50 |    21 ||   109
       Rapier            |       |       |    18 ||    18
Throw: Dart              |    13 |     4 |     6 ||    23
  Use: Potion            |     1 |       |       ||     1
       Scroll            |       |     2 |       ||     2
 Stab: Sleeping          |     6 |     5 |     6 ||    17
       Distracted        |       |     1 |       ||     1
Armor: Robe              |    19 |     4 |     5 ||    28
Dodge: Dodged            |    67 |    61 |    52 ||   180
Block: Other             |     1 |    20 |    15 ||    36
